 Dungeon Crawl Stone Soup version bcrawl-1.12-8-g964540c432 (webtiles) character file.

Game seed: 17538565729928318992

111 Banto the Ducker (level 4, -1/36 HPs)
             Began as an Oni Wizard on June 5, 2019.
             Killed from afar by an orc wizard (3 damage)
             ... with a magic dart
             ... on level 3 of the Dungeon.
             The game lasted 00:03:10 (2078 turns).

Banto the Ducker (Oni Wizard)                       Turns: 2078, Time: 00:03:10

Health: -1/36      AC:  3    Str: 10    XL:     4   Next: 92%
Magic:  0/10       EV: 12    Int: 20    God:
Gold:   136        SH:  0    Dex: 10    Spells: 2/8 levels left

rFire    . . .     SeeInvis .   m - +0 dagger (venom)
rCold    . . .     Gourm    .   (no shield)
rNeg     . . .     Faith    .   a - +0 robe
rPois    .         Spirit   .   b - +0 hat
rElec    .         Reflect  .   j - +0 cloak
rCorr    .         Harm     .   (no gloves)
MR       .....                  (no boots)
Stlth    ++........             (no amulet)
HPRegen  0.12/turn              (no ring)
MPRegen  0.12/turn              (no ring)

@: very slightly contaminated
A: oni magic, claws 1, fangs 1, horns 1
a: no special abilities


You were on level 3 of the Dungeon.
You were not hungry.

You visited 1 branch of the dungeon, and saw 3 of its levels.

You collected 136 gold pieces.

Inventory:

Hand Weapons
 m - a +0 dagger of venom (weapon)
Armour
 a - a +0 robe (worn)
 b - a +0 hat (worn)
 j - a +0 cloak (worn)
Scrolls
 g - 3 scrolls of remove curse
Potions
 e - a potion of flight
 f - a potion of brilliance
 l - a potion of haste
 o - a potion of curing {unknown}
Comestibles
 d - 7 rations {!d}
 k - 3 chunks of flesh


   Skills:
 + Level 1.9 Fighting
   Level 0.9 Maces & Flails
 + Level 3.0 Dodging
 - Level 1.7 Stealth
 + Level 2.8 Spellcasting


You had 2 spell levels left.
You knew the following spells:

 Your Spells              Type           Power        Failure   Level  Hunger
a - Magic Dart            Conj           ###.         3%          1    None
b - Blink                 Tloc           N/A          6%          2    ##.....
c - Conjure Flame         Conj/Fire      ##......     14%         3    ###....

Your spell library contained the following spells:

 Spells                   Type           Power        Failure   Level  Hunger
 Sandblast                Erth           ###...       3%          1    None
 Slow                     Hex            ###.....     3%          1    None
 Call Imp                 Summ           ###.....     6%          2    ##.....
 Passwall                 Tmut/Erth      ##......     7%          2    ##.....
 Mephitic Cloud           Conj/Pois/Air  ##......     14%         3    ###....


Dungeon Overview and Level Annotations

Branches:
Dungeon (3/12)

Altars:
Gozag
Okawaru


Innate Abilities, Weirdness & Mutations

You learn spells by gaining experience, not through books or religion.
You only train spellcasting to practice magic.
You have sharp fingernails.
You have very sharp teeth.
You have a pair of small horns on your head.


Message History

Casting: Magic Dart (safe; 3% risk of failure)
Confirm with . or Enter, or press ? or * to list all spells.
Aiming: Magic Dart (safe; 3% risk of failure)
Press: ? - help, Shift-Dir - straight line The magic dart hits something.
Something hits you.
Casting: Magic Dart (safe; 3% risk of failure)
Confirm with . or Enter, or press ? or * to list all spells.
Aiming: Magic Dart (safe; 3% risk of failure)
Press: ? - help, Shift-Dir - straight line The magic dart hits something.
You hear some strange, mumbled words.
A magic dart appears from out of thin air!
The magic dart hits you!
* * * LOW HITPOINT WARNING * * *
Something hits you but does no damage.
You miss something. Your bite misses something.
You hear some strange, mumbled words.
A magic dart appears from out of thin air!
The magic dart hits you!
You die...

#.#
#.#
#.#
#.#
#.#
#.#
#)#
#{#
#@#
#<#
###


There were no monsters in sight!

Vanquished Creatures
  An orc priest (D:3)
  A worker ant (D:3)
  An ooze (D:2)
  A worm (D:2)
  A dart slug (D:2)
  A leopard gecko (D:1)
  2 orcs
  A ball python (D:1)
  4 bats
  8 goblins
  8 hobgoblins
  2 jackals (D:3)
  5 kobolds (D:2)
  2 frilled lizards (D:2)
  7 rats
45 creatures vanquished.

Notes
Turn   | Place    | Note
-------+----------+-------------------------------------------
     0 | D:1      | Banto the Oni Wizard began the quest for the Orb.
     0 | D:1      | Reached XP level 1. HP: 14/14 MP: 5/5
    62 | D:1      | Reached skill level 2 in Dodging
   103 | D:1      | Reached XP level 2. HP: 18/20 MP: 7/7
   696 | D:2      | Reached XP level 3. HP: 18/27 MP: 8/8
  1097 | D:2      | Found a faded altar of an unknown god.
  1175 | D:2      | Reached skill level 1 in Fighting
  1179 | D:2      | Found an opulent altar of Gozag.
  1353 | D:2      | Found an iron altar of Okawaru.
  1576 | D:3      | Reached XP level 4. HP: 22/35 MP: 8/10
  2052 | D:2      | Learned a level 2 spell: Blink
  2056 | D:2      | Learned a level 3 spell: Conjure Flame
  2068 | D:3      | Reached skill level 3 in Dodging
  2078 | D:3      | Killed from afar by an orc wizard

Skill      XL: |  1  2  3  4 |
---------------+-------------+-----
Dodging        | 2 3 |  3.0
Fighting       | 1 |  1.9
Maces & Flails | |  0.9
Stealth        | |  1.7
Spellcasting   | |  2.8

Action                   |  1- 3 |  4- 6 || total
-------------------------+-------+-------++-------
Melee: Club              |    33 |       ||    33
       Unarmed           |     7 |       ||     7
       Headbutt          |    12 |     3 ||    15
       Dagger            |    98 |    20 ||   118
       Bite              |     3 |     3 ||     6
 Cast: Magic Dart        |       |    10 ||    10
  Use: Scroll            |       |     7 ||     7
 Stab: Sleeping          |     3 |       ||     3
  Eat: Chunk             |     2 |     2 ||     4
Armor: Animal skin       |     6 |       ||     6
       Robe              |    13 |     6 ||    19
Dodge: Dodged            |    85 |    11 ||    96
